 Dungeon Crawl Stone Soup version 0.18.1-50-g88ac8fd (webtiles) character file.

60 Amnesiac the Cutter (level 4, -5/23 HPs)
             Began as a Vine Stalker Fighter on Mar 11, 2018.
             Killed from afar by an orc wizard (7 damage)
             ... with a puff of frost
             ... on level 3 of the Dungeon.
             The game lasted 00:03:23 (534 turns).

Amnesiac the Cutter (Vine Stalker Fighter)           Turns: 534, Time: 00:03:24

Health: -5/23      AC:  7    Str: 19    XL:     4   Next: 4%
Magic:  0/5        EV:  7    Int:  8    God:
Gold:   55         SH:  9    Dex: 14    Spells: 0 memorised, 3 levels left

rFire  . . .     SeeInvis .     a - +0 rapier
rCold  . . .     Gourm    .     b - +0 scale mail
rNeg   . . .     Faith    .     c - +0 shield
rPois  .         Spirit   +     (no helmet)
rElec  .         Dismiss  .     (no cloak)
rCorr  .         Reflect  .     (no gloves)
SustAt .         Harm     .     e - +0 pair of boots
MR     .....                    (no amulet)
Stlth  ..........               (no ring)
                                (no ring)

@: not resistant to hostile enchantments, extremely unstealthy
A: fangs 2, regeneration 1, magic shield, antimagic bite, no device heal 3, rot
immunity
a: no special abilities


You were on level 3 of the Dungeon.
You were not hungry.

You visited 1 branch of the dungeon, and saw 3 of its levels.

You collected 55 gold pieces.

Inventory:

Hand Weapons
 a - a +0 rapier (weapon)
Armour
 b - a +0 scale mail (worn)
 c - a +0 shield (worn)
 e - a +0 pair of boots (worn)
Wands
 n - a wand of flame (25/48)
Scrolls
 h - a scroll of magic mapping {!r, unknown}
 i - a scroll of remove curse {!r, unknown}
 l - a scroll of enchant armour {!r, unknown}
 m - a scroll of teleportation {!r, unknown}
Potions
 d - a potion of might {!q}
 g - 2 potions of flight {!q, unknown}
 j - a potion of curing {!q, unknown}
 k - a potion of resistance {!q, unknown}
Comestibles
 f - a bread ration


   Skills:
 - Level 2.6 Fighting
 - Level 3.5 Short Blades
 - Level 2.4 Armour
 - Level 2.6 Shields
 + Level 1.0 Evocations


You had 3 spell levels left.
You didn't know any spells.

Dungeon Overview and Level Annotations

Branches:
Dungeon (3/15)

Altars:


Innate Abilities, Weirdness & Mutations

You have extremely sharp teeth.
Your natural rate of healing is unusually fast.
When hurt, damage is shared between your health and your magic reserves.
Your bite disrupts and absorbs the magic of your enemies.
Potions and wands cannot restore your health.
You are immune to rotting.


Message History

The orc wizard shouts!
You hit the orc but do no damage. You bite the orc. You drain its power.
You feel invigorated.
The orc is severely wounded.
The orc hits you but does no damage.
You puncture the orc!
You kill the orc!
Your Evocations skill increases to level 1!
You have reached level 4!
You feel agile.
The orc wizard casts a spell.
The orc wizard seems to speed up.
You barely miss the orc.
The orc wizard shouts!
You block the orc's attack. You block the orc's attack.
A hobgoblin comes into view. It is wielding a club.
Things that are here:
a short sword; a chain mail; a short sword The orc wizard casts a spell at you.
The puff of frost hits you! The orc wizard casts a spell at you.
The magic dart hits you!
The hobgoblin shouts!
The orc wizard mumbles some strange words.
The orc wizard flickers and vanishes!
Deactivating autopickup; reactivate with Ctrl-A.
You see here a dagger.
You hit the orc but do no damage. You bite the orc, but do no damage.
The orc barely misses you.
Your shield and scale mail prevent you from hitting the orc.
You bite the orc, but do no damage. The orc barely misses you.
Your shield and scale mail prevent you from hitting the orc.
You bite the orc. You drain its power.
The orc is moderately wounded.
The orc barely misses you.
You hit the orc.
You kill the orc!
Something hits you but does no damage.
You hit something. You bite something. Something hits you.
Something hits you but does no damage.
You barely miss something. You bite something. Something hits you.
You hear some strange, mumbled words.
A puff of flame appears from out of thin air!
The puff of flame hits you!
Your shield and scale mail prevent you from hitting something.
You bite something. Something hits you but does no damage.
You miss something.
You hear some strange, mumbled words.
A magic dart appears from out of thin air!
The magic dart hits you!
* * * LOW HITPOINT WARNING * * *
You hear some strange, mumbled words.
A puff of frost appears from out of thin air!
The puff of frost hits you!
* * * LOW HITPOINT WARNING * * *
You miss something. You bite something. You drain its magic.
You feel invigorated.
Something hits you but does no damage. x2
You closely miss something. You bite something. You drain its magic.
You feel invigorated. Something hits you but does no damage.
You hear some strange, mumbled words.
A puff of frost appears from out of thin air!
The puff of frost hits you!
You die...

...... ....... # .........
..# ##..g...... ....
#.......... .....
#.........#.
.#.......#####..........
..........@)go........#..
..........####........#.#
. ..........#
#............# oo?.......#
#........##.. #.........##
####.##..... #..........#
#().#...##.#
g......(...####)?.....# .#
o...................### .#
...........#........####.#


You could see an orc wizard and a hobgoblin.

Vanquished Creatures
  An adder (D:2)
  An ooze (D:3)
  8 orcs (D:3)
  A giant cockroach (D:3)
  A goblin (D:1)
  2 hobgoblins (D:2)
  9 jackals
  A kobold (D:2)
  2 ball pythons
  4 bats
  2 giant newts
  3 rats
35 creatures vanquished.

Notes
Turn   | Place    | Note
--------------------------------------------------------------
     0 | D:1      | Amnesiac the Vine Stalker Fighter began the quest for the Orb.
     0 | D:1      | Reached XP level 1. HP: 11/11 MP: 2/2
    45 | D:1      | Reached skill level 2 in Short Blades
   230 | D:1      | Reached XP level 2. HP: 16/16 MP: 3/3
   317 | D:2      | Reached skill level 3 in Short Blades
   317 | D:2      | Reached XP level 3. HP: 16/19 MP: 4/4
   514 | D:3      | Reached skill level 1 in Evocations
   514 | D:3      | Reached XP level 4. HP: 20/23 MP: 5/5
   532 | D:3      | HP: 1/23 [something/puff of frost (6)]
   534 | D:3      | Killed from afar by an orc wizard

Skill      XL: |  1  2  3 |
---------------+----------+-----
Short Blades   | 2 3 |  3.5
Evocations     | 1 |  1.0
Fighting       | |  2.6
Armour         | |  2.4
Shields        | |  2.6

Action                   |  1- 3 |  4- 6 || total
-------------------------+-------+-------++-------
Melee: Rapier            |   124 |    11 ||   135
       Bite              |    33 |     8 ||    41
Armor: Scale mail        |    77 |     3 ||    80
Dodge: Dodged            |    41 |     3 ||    44
Block: Shield            |    73 |     2 ||    75
